 Dungeon Crawl Stone Soup version 0.29-a0-297-g7659ce593d (webtiles) character file.

Game seed: 17983536271704565662

949 Dabor the Skirmisher (level 8, -1/50 HPs)
             Began as a Gargoyle Fighter on Mar 21, 2022.
             Was a Follower of the Shining One.
             Slain by a killer bee (7 damage)
             ... on level 5 of the Dungeon.
             The game lasted 00:09:27 (4382 turns).

Dabor the Skirmisher (Gargoyle Fighter)             Turns: 4382, Time: 00:09:28

Health: -1/50      AC: 12    Str: 22    XL:     8   Next: 13%
Magic:  8/10       EV: 12    Int: 15    God:    the Shining One [*.....]
Gold:   128        SH: 12    Dex: 15    Spells: 7/7 levels left

rFire   . . .      SeeInvis .   g - +2 mace (venom)
rCold   . . .      Faith    .   c - +0 buckler
rNeg    + . .      Spirit   .   o - +3 leather armour of the End {Dex+6}
rPois   ∞          Reflect  .   (no helmet)
rElec   +          Harm     .   (no cloak)
rCorr   .          Rampage  .   (no gloves)
Will    +....                   (no boots)
Stlth   +.........              (no amulet)
HPRegen 0.16/turn               i - +6 ring of intelligence
MPRegen 0.12/turn               n - ring of willpower

@: divinely shielded, glowing
A: sickness immunity, AC +5, negative energy resistance 1, electricity
resistance, torment resistance 1, petrification resistance
a: Renounce Religion, Divine Shield


You were on level 5 of the Dungeon.
You worshipped the Shining One.
The Shining One was aware of your devotion.
You visited 1 branch of the dungeon, and saw 5 of its levels.

You collected 128 gold pieces.

Inventory:

Hand Weapons
 a - a +0 flail
 g - a +2 mace of venom (weapon)
Missiles
 h - 8 boomerangs (quivered)
Armour
 b - a +0 scale mail
 c - a +0 buckler (worn)
 o - the +3 leather armour of the End (worn) {Dex+6}
   (You found it on level 3 of the Dungeon)

   Dex:       It affects your dexterity (+6).
Jewellery
 i - a +6 ring of intelligence (left hand)
 n - a ring of willpower (right hand)
Wands
 p - a wand of flame (10)
Scrolls
 e - a scroll of identify
 f - 2 scrolls of magic mapping
 l - a scroll of noise
 q - a scroll of enchant armour
 r - a scroll of fog
 s - a scroll of enchant weapon


   Skills:
 * Level 5.5 Fighting
 * Level 4.5 Maces & Flails
 + Level 1.5 Throwing
 + Level 5.0 Armour
 + Level 2.3 Dodging
 + Level 5.0 Shields
 + Level 3.1 Invocations


You had 7 spell levels left.
You didn't know any spells.
Your spell library contained the following spells:

 Spells                   Type           Power      Damage    Failure   Level
 Beastly Appendage        Tmut           0%         N/A       36%         1
 Summon Small Mammal      Summ           0%         N/A       36%         1
 Blink                    Tloc           0%         N/A       52%         2
 Wereblood                Tmut           0%         N/A       52%         2
 Call Canine Familiar     Summ           0%         N/A       75%         3
 Lesser Beckoning         Tloc           0%         N/A       75%         3
 Spider Form              Tmut/Pois      0%         N/A       75%         3
 Stone Arrow              Conj/Erth      0%         3d7       75%         3
 Summon Guardian Golem    Hex/Summ       0%         N/A       75%         3
 Animate Armour           Summ/Erth      0%         N/A       98%         4
 Manifold Assault         Tloc           0%         N/A       100%        5
 Orb of Destruction       Conj           0%         9d5       100%        7
 Spellforged Servitor     Conj/Summ      0%         N/A       100%        7
 Lehudib's Crystal Spear  Conj/Erth      0%         10d2      100%        8


Dungeon Overview and Level Annotations

Branches:
Dungeon (5/15)
 Temple: D:4-7

Altars:
The Shining One


Innate Abilities, Weirdness & Mutations

You are immune to sickness and miasma.
Your stone body is resilient. (AC +5)
You are immune to poison.
You resist negative energy. (rN+)
You are resistant to electric shocks. (rElec)
You are resistant to unholy torment.
You are immune to petrification.


Message History

You hear an angry buzzing noise.
You kill the killer bee!
You block the killer bee's attack.
You have reached level 8!
You feel stronger.
Your shield is strengthened by the Shining One's divine power.
You block the killer bee's attack. The killer bee closely misses you.
You barely miss the killer bee.
The killer bee is moderately wounded.
You block the killer bee's attack. x3
You barely miss the killer bee.
The killer bee is moderately wounded.
The killer bee barely misses you. The killer bee misses you.
You thump the killer bee!
The killer bee is poisoned.
The killer bee is almost dead.
You kill the killer bee!
You block the killer bee's attack.
You hit the killer bee.
The killer bee is poisoned.
The killer bee is lightly wounded.
You block the killer bee's attack. The killer bee stings you.
* * * LOW HITPOINT WARNING * * *
You block the killer bee's attack.
You hit the killer bee.
The killer bee is severely wounded.
You block the killer bee's attack. The killer bee barely misses you.
You hit the killer bee.
The killer bee looks as sick as possible!
The killer bee is almost dead.
You kill the killer bee!
You block the killer bee's attack. The killer bee stings you.
* * * LOW HITPOINT WARNING * * *
Your Armour skill increases to level 5!
Your Shields skill increases to level 5!
You hit the killer bee.
The killer bee is poisoned.
The killer bee is moderately wounded.
The killer bee barely misses you. You block the killer bee's attack.
You closely miss the killer bee.
The killer bee is moderately wounded.
You block the killer bee's attack. The killer bee stings you!
You die...

...,,,,,#.###.##..#####.*,*,,*
*,
***,**,*#...............*,*,,*
*,
*,>....#######..#####.,,,,****,
***#,***≈≈≈≈#.........,,,,,,,**
*,,,*≈≈≈≈#...#####.*,,,,,,*≈
*,*,+≈≈≈≈+...#,,,,,,,,,,,,*≈
*,***≈≈≈≈##.##,**,,,,******≈
*,* *≈≈≈≈*#y#*,**,,*,,,***,≈
*,* ******#@#*,**,,,,,,,,,,≈
*,* #.#*,***,*,*,***,≈ *,*
#.#*,*,,,,,,,* *** *,*
#.#*,***,,,*****,* *,*
#..,,,,,,,,,,,,,,, *,*
#.#*,************* ******,*
###*,* ,,,,,,,* *** ******,*


You could see a killer bee (very poisoned).

Vanquished Creatures
  An ogre (D:4)
  A centaur (D:3)
  Blork the orc (D:5)
  10 killer bees (D:5)
  A jelly (D:4)
  Jessica (D:3)
  4 iguanas
  An orc wizard (D:4)
  2 adders (D:3)
  2 worms (D:2)
  A dart slug (D:3)
  4 orcs
  5 ball pythons
  7 bats
  5 endoplasms
  4 giant cockroaches
  5 goblins
  6 hobgoblins
  7 kobolds
  3 quokkas
  7 frilled lizards
  6 rats
84 creatures vanquished.

Notes
Turn   | Place    | Note
-------+----------+-------------------------------------------
     0 | D:1      | Dabor the Gargoyle Fighter began the quest for the Orb.
     0 | D:1      | Reached XP level 1. HP: 14/14 MP: 1/1
   452 | D:1      | Reached XP level 2. HP: 18/19 MP: 2/2
  1034 | D:1      | Found a faded altar of an unknown god.
  1184 | D:1      | Prayed at the altar of an unknown god.
  1184 | D:1      | Became a worshipper of the Shining One
  1184 | D:1      | Reached * piety under the Shining One
  1422 | D:2      | Reached XP level 3. HP: 23/23 MP: 3/3
  2198 | D:3      | Noticed a centaur
  2464 | D:3      | Killed a centaur
  2465 | D:3      | Reached skill level 1 in Dodging
  2465 | D:3      | Reached skill level 1 in Invocations
  2465 | D:3      | Reached XP level 4. HP: 18/29 MP: 0/5
  2465 | D:3      | Reached XP level 5. HP: 20/33 MP: 0/6
  2664 | D:3      | Noticed Jessica
  2675 | D:3      | Killed Jessica
  2965 | D:3      | Identified the +3 leather armour of the End {Dex+6}
  3053 | D:4      | Reached XP level 6. HP: 22/38 MP: 7/7
  3861 | D:4      | Reached XP level 7. HP: 39/44 MP: 8/8
  4052 | D:5      | Entered Level 5 of the Dungeon
  4064 | D:5      | Noticed Blork the orc
  4084 | D:5      | Reached skill level 1 in Throwing
  4086 | D:5      | Killed Blork the orc
  4087 | D:5      | Reached skill level 5 in Fighting
  4374 | D:5      | Reached XP level 8. HP: 11/49 MP: 10/10
  4381 | D:5      | Reached skill level 5 in Armour
  4381 | D:5      | Reached skill level 5 in Shields
  4382 | D:5      | Slain by a killer bee

Illustrated notes

Levels and vault maps discovered:
D:1:      dpeg_arrival_rhombi, layout_basic, ebering_ecumenical_altar_hall,
          minmay_tetromino_i4
D:2:      layout_basic, eino_tiny_chamber
D:3:      layout_rooms, uniq_jessica
D:4:      layout_gridville, solitary_fountain, minmay_quantized
D:5:      layout_basic, nicolae_overflow_crystal_walls, elyvilon_altar_1,
          hangedman_abyss_or_decor_lesser_grid, chequers_serial_rivers_room_b,
          chequers_serial_rivers_micro_b, chequers_jeans, uniq_blork_the_orc,
          uniq_grinder

Skill      XL: |  1  2  3  4  5  6  7  8 |
---------------+-------------------------+-----
Fighting       | 4 5 |  5.5
Armour         | 4 5 |  5.0
Dodging        | 1 2 |  2.3
Invocations    | 1 2 3 |  3.1
Shields        | 4 5 |  5.0
Maces & Flails | 3 4 |  4.5
Throwing       | 1 |  1.5

Action                   |  1- 3 |  4- 6 |  7- 9 || total
-------------------------+-------+-------+-------++-------
Melee: Flail             |    39 |       |       ||    39
       Mace              |    49 |    65 |    43 ||   157
Throw: Boomerang         |     2 |     6 |     2 ||    10
Invok: Divine Shield     |     2 |     1 |     2 ||     5
Evoke: Wand              |       |       |     1 ||     1
  Use: Scroll            |     3 |       |     7 ||    10
       Potion            |     1 |       |     4 ||     5
Armor: Scale mail        |    45 |    10 |       ||    55
       Leather armour    |       |    11 |    16 ||    27
       Skin              |       |       |    30 ||    30
Dodge: Dodged            |    33 |    41 |    37 ||   111
Block: Buckler           |    25 |    19 |    52 ||    96

Table legend: (Time is in decaauts)
 A = Elapsed time spent in this place.
 B = Non-inter-level travel time spent in this place.
 C = Inter-level travel time spent in this place.
 D = Time resting spent in this place.
 E = Time spent auto-exploring this place.
 F = Levels seen in this place.
 G = Mean time per level.
                   A        B        C        D        E       F      G
               +--------+--------+--------+--------+--------+-----+--------+
         Total |   4441 |   4194 |    247 |      0 |   3661 |   5 |  888.2 |
       Dungeon |   4441 |   4194 |    247 |      0 |   3661 |   5 |  888.2 |
               +--------+--------+--------+--------+--------+-----+--------+

Top non-repeatable levels by time:
     D:1: 1232 daAuts
     D:2: 1117 daAuts
     D:4: 1059 daAuts
     D:3: 691 daAuts
     D:5: 340 daAuts
